 Dungeon Sprint DCSS version 0.21.1-1-g345015f (webtiles) character file.

38139 Fang the Minotaur Blade (level 13, -13/138 HPs)
             Began as a Minotaur Berserker on Apr 30, 2018.
             Was the Champion of Trog.
             Shot with a bolt by a yaktaur captain (18 damage)
             ... in the Dungeon (Sprint V: "Ziggurat Sprint").
             The game lasted 00:14:46 (2441 turns).

Fang the Minotaur Blade (Minotaur Berserker)        Turns: 2441, Time: 00:14:47

Health: -13/138    AC: 31    Str: 31    XL:     13   Next: 62%
Magic:  13/21      EV: 15    Int:  4    God:    Trog [******]
Gold:   0          SH:  0    Dex: 14    Spells: 12/12 levels left

rFire    + . .     SeeInvis +   C - +8 great sword of Discomfort {speed, rF+ Dex+5}
rCold    + . .     Gourm    .   (shield currently unavailable)
rNeg     + . .     Faith    .   j - +5 shadow dragon scales
rPois    .         Spirit   .   M - +0 mask of the Dragon {MR+ Slay+3 SInv}
rElec    .         Reflect  .   E - scarf {cloud immunity}
rCorr    .         Harm     .   u - +2 pair of gloves {Str+3}
MR       ++...     NoTele   +   (no boots)
Stlth    +++.......             b - amulet of Xuic {+Rage Slay+2}
HPRegen  0.33/turn              B - ring "Eluusepn" {MP+9 AC+6}
MPRegen  0.17/turn              G - ring of Thoughtfulness {rC+ rN+ MR+}

@: berserk cooldown, slowed, studying Staves, very slow
A: retaliatory headbutt, horns 2
a: Berserk, Trog's Hand, Brothers in Arms, Burn Spellbooks, Renounce Religion,
Evoke Berserk Rage


You were in the Dungeon.
You worshipped Trog.
Trog was exalted by your worship.
You were not hungry.

You visited 1 branch

Inventory:

Hand Weapons
 k - a +5 executioner's axe
 l - a +7 antimagic great sword
 C - the +8 great sword of Discomfort (weapon) {speed, rF+ Dex+5}
   (You found it in the Dungeon)

   Attacks with this weapon are significantly faster.
   It affects your dexterity (+5).
   It protects you from fire.
 I - a +5 trident of venom
Missiles
 A - 20 tomahawks (quivered)
Armour
 j - +5 shadow dragon scales (worn)
 u - a +2 pair of gloves of strength (worn)
 E - a scarf of cloud immunity (worn)
 M - the +0 mask of the Dragon (worn) {MR+ Slay+3 SInv}
   (You found it in the Dungeon)

   It affects your accuracy and damage with ranged weapons and melee attacks
   (+3).
   It affects your resistance to hostile enchantments.
   It lets you see invisible.
Jewellery
 b - the amulet of Xuic (around neck) {+Rage Slay+2}
   (You found it in the Dungeon)

   [amulet of rage]

   It affects your accuracy and damage with ranged weapons and melee attacks
   (+2).
   It lets you go berserk.
 B - the ring "Eluusepn" (left hand) {MP+9 AC+6}
   (You found it in the Dungeon)

   [ring of protection]

   It affects your AC (+6).
   It affects your magic capacity (+9).
 G - the ring of Thoughtfulness (right hand) {rC+ rN+ MR+}
   (You found it in the Dungeon)

   [ring of positive energy]

   It protects you from cold.
   It protects you from negative energy.
   It affects your resistance to hostile enchantments.
Wands
 x - a wand of disintegration (7)
 y - a wand of iceblast (7)
 z - a wand of acid (7)
Scrolls
 i - 4 scrolls of blinking
 m - 7 scrolls of fog
 n - a scroll of holy word
 o - 5 scrolls of identify
 p - 5 scrolls of remove curse
 q - 2 scrolls of fear
Potions
 d - 10 potions of curing
 e - 9 potions of heal wounds
 f - 6 potions of haste
 g - 7 potions of magic
 h - 3 potions of berserk rage
 r - 2 potions of brilliance
 s - 2 potions of invisibility
 t - 4 potions of resistance
 v - 5 potions of agility
 w - 7 potions of might
Books
 K - a manual of Staves
Miscellaneous
 a - 3 boxes of beasts
 D - a phial of floods
 H - a phial of floods
 L - a sack of spiders
 N - a lamp of fire
Comestibles
 c - 6 rations


   Skills:
 + Level 19.4 Fighting
 + Level 23.4 Long Blades
 + Level 12.7(14.7) Axes
 + Level 12.7(14.8) Polearms
 + Level 2.7(8.9) Staves
 + Level 16.0 Armour
 + Level 9.4 Dodging
 + Level 3.5 Stealth


You had 12 spell levels left.
You didn't know any spells.

Dungeon Overview and Level Annotations

Branches:
Dungeon (1/1)

Altars:
Ashenzari
Cheibriados
Dithmenos
Elyvilon
Fedhas
Gozag
Hepliaklqana
Kikubaaqudgha
Makhleb
Nemelex Xobeh
Okawaru
Qazlal
Ru
Sif Muna
Trog
Uskayaw
Vehumet
Wu Jian
Xom
Yredelemnul
Zin
The Shining One
Beogh
Jiyva
Lugonu

Annotations:
D 1 transporter


Innate Abilities, Weirdness & Mutations

You reflexively headbutt those who attack you in melee.
You have a pair of horns on your head.


Message History

* * * LOW HITPOINT WARNING * * *
The merfolk javelineer hits you but does no damage. x2
Unknown command.
You slice the cyclops!!
You kill the cyclops!
Trog accepts your kill. Something appears at your feet!
Trog grants you a weapon!
Your Armour skill increases to level 16!
The yaktaur captain hits you but does no damage.
The yaktaur captain closely misses you.
The yaktaur shoots a bolt.
The bolt hits you but does no damage.
The stone giant hits you but does no damage.
Unknown command.
The yaktaur captain hits you but does no damage.
The merfolk javelineer misses you.
The merfolk javelineer hits you but does no damage.
The yaktaur captain wields a runed arbalest.
It bursts into flame!
The yaktaur captain shoots a bolt.
The bolt hits you!!
You die...

▓...|....▓..
▓...)....▓..
▓▓▓▓▓▓▓▓▓▓▓▓▓...%÷...▓..
▓....8©8....▓...)....▓..
▓...:[...:..▓.▓....▓.▓..
▓....[C:[:..▓...©....▓..
▓....mcm....▓▓▓▓▓▓▓▓▓▓▓▓
▓....cCcc...▓...8©8...▓.
▓....c(@....▓..)..|...▓.
▓...........▓....))...▓.
▓..▓..(..▓..▓.........▓.
▓.▓.▓.(.▓.▓.▓.........▓.
▓..▓..(..▓..▓...))....▓.
▓...(.©.(...▓...).....▓.
▓▓▓▓▓▓▓▓▓▓▓▓▓.▓)....▓.▓.
▓....8©8....▓....©....▓.
▓..).)...)..▓▓▓▓▓▓▓▓▓▓▓▓


You could see a stone giant, 2 merfolk javelineers, 3 yaktaur captains, a
cyclops, a yaktaur and a centaur.

Vanquished Creatures
  2 ancient liches (D)
  A lich (D)
  A deep elf sorcerer (D)
  A vampire knight (D)
  4 blizzard demons (D)
  A centaur warrior (D)
  A vampire mage (D)
  3 spriggans (D)
  A skeletal warrior (D)
  A necromancer (D)
  A cyclops (D)
  4 toenail golems (D)
  A black mamba (D)
  A spiny frog (D)
  A freezing wraith (D)
  A komodo dragon (D)
  4 merfolk (D)
  A polar bear (D)
  A hornet (D)
  A blink frog (D)
  2 hippogriffs (D)
  Sigmund (D)
  A small abomination (D)
  A vampire (D)
  4 water moccasins (D)
  An orc warrior (D)
  2 ice beasts (D)
  2 eyes of draining (D)
  A black bear (D)
  A necrophage (D)
  2 centaurs (D)
  3 wolves (D)
  Blork the orc (D)
  2 bullfrogs (D)
  8 earth elementals (D)
  A crimson imp (D)
  2 quasits (D)
  5 orc priests (D)
  A jelly (D)
  An orc wizard (D)
  Jessica (D)
  2 adders (D)
  3 white imps (D)
  2 oozes (D)
  An ufetubus (D)
  2 orcs (D)
  A bat zombie (D)
  A ball python (D)
  A bat simulacrum (D)
  A giant cockroach zombie (D)
89 creatures vanquished.

Vanquished Creatures (others)
  A spatial maelstrom (D)
  A bat simulacrum (D)
  A quokka zombie (D)
3 creatures vanquished.

Grand Total: 92 creatures vanquished

Notes
Turn   | Place    | Note
-------+----------+-------------------------------------------
     0 | D        | Found the +6 Majin-Bo {vamp, Archmagi MP+6 Int+6}
     0 | D        | Found the +7 great mace "Firestarter" {inner flame, rF++}
     0 | D        | Fang the Minotaur Berserker began the quest for the Orb.
     0 | D        | Reached XP level 1. HP: 19/19 MP: 0/0
     1 | D        | Banished a spatial maelstrom
     3 | D        | Found a blossoming altar of Fedhas.
     4 | D        | Found a viscous altar of Jiyva.
     4 | D        | Found a hazy altar of Hepliaklqana.
     4 | D        | Found a transporter.
     4 | D        | Found an opulent altar of Gozag.
     4 | D        | Found an ancient bone altar of Kikubaaqudgha.
     4 | D        | Found a corrupted altar of Lugonu.
    10 | D        | Found a burning altar of Makhleb.
    11 | D        | Found a stormy altar of Qazlal.
    11 | D        | Found a sacrificial altar of Ru.
    11 | D        | Found an iron altar of Okawaru.
    11 | D        | Found a deep blue altar of Sif Muna.
    11 | D        | Found a sparkling altar of Nemelex Xobeh.
    11 | D        | Found a bloodstained altar of Trog.
    75 | D        | Entered arena 2.
    75 | D        | Noticed an ice beast
    75 | D        | Found a transporter.
    80 | D        | Killed an ice beast
    80 | D        | Reached XP level 2. HP: 19/34 MP: 1/1
    80 | D        | Reached XP level 3. HP: 22/39 MP: 2/2
    80 | D        | Reached XP level 4. HP: 26/47 MP: 3/3
   264 | D        | Entered arena 3.
   264 | D        | Noticed Sigmund
   264 | D        | Noticed Jessica
   264 | D        | Noticed Blork the orc
   264 | D        | Found a transporter.
   269 | D        | Killed Blork the orc
   269 | D        | Reached ** piety under Trog
   269 | D        | Reached skill level 1 in Polearms
   269 | D        | Reached skill level 5 in Armour
   269 | D        | Reached XP level 5. HP: 56/56 MP: 4/4
   270 | D        | Killed Jessica
   290 | D        | Killed Sigmund
   290 | D        | Reached *** piety under Trog
   290 | D        | Reached skill level 10 in Fighting
   290 | D        | Reached skill level 10 in Axes
   290 | D        | Reached XP level 6. HP: 56/66 MP: 5/5
   335 | D        | Entered arena 4.
   335 | D        | Noticed a merfolk
   335 | D        | Noticed a merfolk
   335 | D        | Noticed a merfolk
   335 | D        | Noticed a merfolk
   335 | D        | Found a transporter.
   343 | D        | Killed a merfolk
   343 | D        | Reached **** piety under Trog
   343 | D        | Reached skill level 5 in Polearms
   343 | D        | Reached skill level 5 in Dodging
   343 | D        | Reached XP level 7. HP: 70/74 MP: 6/6
   347 | D        | Killed a merfolk
   351 | D        | Killed a merfolk
   353 | D        | Killed a merfolk
   353 | D        | Reached XP level 8. HP: 19/83 MP: 7/7
   383 | D        | Reached ***** piety under Trog
   633 | D        | Entered arena 5.
   633 | D        | Found a transporter.
   643 | D        | Received a gift from Trog
   656 | D        | Got the ring "Eluusepn" {MP+9 AC+6}
   671 | D        | Entered arena 6.
   671 | D        | Found a transporter.
   687 | D        | Got the +8 great sword of Discomfort {speed, rF+ Dex+5}
   691 | D        | Received a gift from Trog
   725 | D        | Entered arena 7.
   725 | D        | Noticed a toenail golem
   725 | D        | Noticed a toenail golem
   727 | D        | Found a transporter.
   729 | D        | Killed a toenail golem
   729 | D        | Reached skill level 1 in Long Blades
   729 | D        | Reached skill level 10 in Polearms
   729 | D        | Reached skill level 10 in Armour
   734 | D        | Killed a toenail golem
   734 | D        | Reached skill level 3 in Long Blades
   734 | D        | Reached XP level 9. HP: 85/93 MP: 4/8
   745 | D        | Reached skill level 4 in Long Blades
   750 | D        | Got the amulet of Xuic {+Rage Slay+2}
   753 | D        | Got the ring of Thoughtfulness {rC+ rN+ MR+}
   754 | D        | Reached ****** piety under Trog
   754 | D        | Received a gift from Trog
  1006 | D        | Entered arena 8.
  1006 | D        | Noticed a toenail golem
  1006 | D        | Noticed a toenail golem
  1007 | D        | Found a transporter.
  1012 | D        | Killed a toenail golem
  1012 | D        | Reached skill level 5 in Long Blades
  1016 | D        | Killed a toenail golem
  1016 | D        | Reached skill level 6 in Long Blades
  1020 | D        | Reached skill level 7 in Long Blades
  1025 | D        | Received a gift from Trog
  1283 | D        | Entered arena 9.
  1283 | D        | Noticed a spriggan rider
  1285 | D        | Found a transporter.
  1289 | D        | Killed a spriggan rider
  1289 | D        | Reached skill level 8 in Long Blades
  1289 | D        | Reached skill level 10 in Long Blades
  1289 | D        | Reached XP level 10. HP: 66/103 MP: 9/9
  1292 | D        | Received a gift from Trog
  1293 | D        | Reached skill level 11 in Long Blades
  1311 | D        | Received a gift from Trog
  1523 | D        | Entered arena 10.
  1523 | D        | Noticed a deep elf sorcerer
  1524 | D        | Found the +5 scythe "Finisher" {speed, Str+3}
  1525 | D        | Found a transporter.
  1530 | D        | Killed a deep elf sorcerer
  1530 | D        | Received a gift from Trog
  1530 | D        | Reached skill level 13 in Long Blades
  1563 | D        | Entered arena 11.
  1564 | D        | Found the +0 mask of the Dragon {MR+ Slay+3 SInv}
  1564 | D        | Found a transporter.
  1566 | D        | Received a gift from Trog
  1579 | D        | Reached skill level 15 in Fighting
  1598 | D        | Got the amulet "Voiskohy" {Reflect Fragile rN+++ MR+ Dex+5 SH+4}
  1644 | D        | Entered arena 12.
  1644 | D        | Noticed a blizzard demon
  1644 | D        | Noticed a blizzard demon
  1645 | D        | Noticed a blizzard demon
  1646 | D        | Noticed a blizzard demon
  1647 | D        | Found a transporter.
  1649 | D        | Reached skill level 14 in Long Blades
  1653 | D        | Killed a blizzard demon
  1653 | D        | Received a gift from Trog
  1657 | D        | Killed a blizzard demon
  1657 | D        | Reached skill level 15 in Long Blades
  1657 | D        | Reached skill level 1 in Stealth
  1657 | D        | Reached XP level 11. HP: 114/114 MP: 10/10
  1661 | D        | Killed a blizzard demon
  1661 | D        | Reached skill level 16 in Long Blades
  1667 | D        | Killed a blizzard demon
  1737 | D        | Reached skill level 17 in Long Blades
  1737 | D        | Reached XP level 12. HP: 66/123 MP: 11/11
  1930 | D        | Entered arena 13.
  1932 | D        | Found a transporter.
  1936 | D        | Received a gift from Trog
  1944 | D        | Received a gift from Trog
  1973 | D        | Received a gift from Trog
  2216 | D        | Entered arena 14.
  2217 | D        | Noticed an ancient lich
  2218 | D        | Noticed a lich
  2218 | D        | Noticed a vampire mage
  2218 | D        | Noticed an ancient lich
  2219 | D        | Noticed a vampire knight
  2219 | D        | Found a transporter.
  2220 | D        | Reached skill level 18 in Long Blades
  2225 | D        | Killed an ancient lich
  2225 | D        | Reached skill level 20 in Long Blades
  2232 | D        | Killed an ancient lich
  2232 | D        | Received a gift from Trog
  2232 | D        | Reached skill level 22 in Long Blades
  2232 | D        | Reached skill level 15 in Armour
  2232 | D        | Reached XP level 13. HP: 136/136 MP: 12/12
  2237 | D        | Killed a lich
  2240 | D        | Received a gift from Trog
  2246 | D        | Killed a vampire knight
  2246 | D        | Reached skill level 23 in Long Blades
  2266 | D        | Received a gift from Trog
  2427 | D        | Entered arena 15.
  2428 | D        | Noticed a stone giant
  2428 | D        | Noticed a merfolk javelineer
  2430 | D        | Noticed a merfolk javelineer
  2431 | D        | Found a transporter.
  2437 | D        | HP: 5/137 [cyclops/large rock (3)]
  2440 | D        | Received a gift from Trog
  2441 | D        | Shot with a bolt by a yaktaur captain

Skill      XL: |  1  2  3  4  5  6  7  8  9 10 11 12 13 |
---------------+----------------------------------------+-----
Fighting       | 7 8 10 11 12 13 14 15 16 18 19 | 19.4
Axes           | 7 8 10 11 12 | 12.7
Armour         | 4 5 6 7 9 10 11 12 13 15 16 | 16.0
Dodging        | 3 4 5 6 7 9 |  9.4
Polearms       | 1 3 5 8 11 12 | 12.7
Long Blades    | 3 10 15 17 22 23 | 23.4
Stealth        | 1 3 |  3.5
Staves         | 2 |  2.7

Action                   |  1- 3 |  4- 6 |  7- 9 | 10-12 | 13-15 || total
-------------------------+-------+-------+-------+-------+-------++-------
Melee: Demon trident     |     3 |    21 |    28 |       |       ||    52
       Headbutt          |       |     1 |    23 |    31 |     6 ||    61
       Great sword       |       |       |    40 |    76 |    22 ||   138
Invok: Berserk           |     1 |     2 |     2 |     3 |     1 ||     9
       Burn Spellbooks   |       |     1 |     4 |     3 |     1 ||     9
  Use: Potion            |       |       |       |     1 |     1 ||     2
  Eat: Chunk             |       |       |     2 |     5 |       ||     7
       Ration            |       |       |     1 |       |     1 ||     2
Armor: Shadow dragon sca |     2 |    17 |    30 |    71 |    24 ||   144
Dodge: Dodged            |     1 |    13 |    31 |    78 |    23 ||   146
       Rpst.: Great sword |       |       |    13 |    18 |     3 ||    34
